 Dungeon Crawl Stone Soup version 0.28.0-53-g5a82cb258f (webtiles) character file.

Game seed: 4562704531472430171

186 Superazbuka the Insei (level 5, 0/41 HPs)
             Began as a Gnoll Transmuter on July 16, 2022.
             Constricted to death by a ball python (1 damage)
             ... on level 4 of the Dungeon.
             The game lasted 00:06:21 (2702 turns).

Superazbuka the Insei (Gnoll Transmuter)            Turns: 2702, Time: 00:06:22

Health: 0/41       AC:  4    Str: 11    XL:     5   Next: 66%
Magic:  12/12      EV: 10    Int: 13    God:
Gold:   63         SH:  0    Dex: 12    Spells: 8/14 levels left

rFire   . . .      SeeInvis .     - Unarmed
rCold   . . .      Faith    .   (no shield)
rNeg    . . .      Spirit   .   a - +0 robe
rPois   .          Reflect  .   (no helmet)
rElec   .          Harm     .   o - +1 cloak
rCorr   .          Rampage  .   (no gloves)
Will    .....                   (no boots)
Stlth   ++........              (no amulet)
HPRegen 0.13/turn               j - +4 ring of slaying
MPRegen 0.13/turn               (no ring)

@: constricted
A: fangs 1, strong nose, distributed training
a: no special abilities


You were on level 4 of the Dungeon.
You visited 1 branch of the dungeon, and saw 4 of its levels.

You collected 63 gold pieces.

Inventory:

Armour
 a - a +0 robe (worn)
 o - a +1 cloak (worn)
Jewellery
 j - a +4 ring of slaying (left hand)
 l - a ring of see invisible
Wands
 h - a wand of polymorph (6)
Scrolls
 c - 2 scrolls of teleportation {unknown}
 d - a scroll of noise {unknown}
 g - a scroll of identify {unknown}
 i - a scroll of immolation {unknown}
Potions
 b - a potion of flight {unknown}
 e - a potion of mutation {unknown}
 f - 2 potions of curing {unknown}
 k - a potion of brilliance {unknown}
 m - 2 potions of berserk rage {unknown}
 n - a potion of degeneration {unknown}


   Skills:
 + Level 3.0 Fighting
 + Level 1.6 Short Blades
 + Level 1.6 Long Blades
 + Level 1.6 Axes
 + Level 1.6 Maces & Flails
 + Level 1.6 Polearms
 + Level 1.6 Staves
 + Level 1.6 Slings
 + Level 1.6 Bows
 + Level 1.6 Crossbows
 + Level 1.6 Throwing
 + Level 1.6 Armour
 + Level 4.8 Dodging
 + Level 1.6 Stealth
 + Level 1.6 Shields
 + Level 6.7 Unarmed Combat
 + Level 5.2 Spellcasting
 + Level 1.2 Conjurations
 + Level 1.2 Hexes
 + Level 1.2 Summonings
 + Level 1.2 Necromancy
 + Level 1.2 Translocations
 + Level 4.0 Transmutations
 + Level 1.2 Fire Magic
 + Level 1.2 Ice Magic
 + Level 1.2 Air Magic
 + Level 1.2 Earth Magic
 + Level 1.2 Poison Magic
 + Level 1.8 Invocations
 + Level 1.6 Evocations


You had 8 spell levels left.
You knew the following spells:

 Your Spells              Type           Power      Damage    Failure   Level
a - Beastly Appendage     Tmut           26%        N/A       3%          1
b - Wereblood             Tmut           13%        N/A       5%          2
c - Spider Form           Tmut/Pois      10%        N/A       19%         3

Your spell library contained the following spells:

 Spells                   Type           Power      Damage    Failure   Level
 Corpse Rot               Necr/Air       12%        N/A       16%         2
 Poisonous Vapours        Pois/Air       12%        N/A       16%         2
 Ice Form                 Ice/Tmut       10%        N/A       52%         4


Dungeon Overview and Level Annotations

Branches:
Dungeon (4/15)             Temple (0/1) D:4

Altars:
Gozag
Okawaru
Uskayaw

Shops:
D:1 [


Innate Abilities, Weirdness & Mutations

You have very sharp teeth.
Your uncanny sense of smell can sniff out nearby items.
Your experience applies equally to all skills.


Message History

a +0 hand axe; a +0 leather armour; an orc corpse Your primal bloodlust is almost over.
Things that are here:
a +0 mace; a +0 leather armour; an orc corpse A ball python comes into view.
Things that are here:
a +0 hand axe; a +0 leather armour; an orc corpse The orc hits you with a +4 dagger.
The centaur wields a +0 shortbow.
The centaur shoots an arrow.
The arrow hits you!
You punch the orc!
You feel a bit better.
You kill the orc!
The centaur shoots an arrow.
The arrow hits you!
Your horns disappear.
Your talons disappear.
Your primal bloodlust has ended.
The centaur shoots an arrow.
The arrow closely misses you.
The arrow closely misses the ball python.
The ball python barely misses you. The ball python misses you.
The centaur shoots an arrow.
The arrow hits you.
The centaur shoots an arrow.
The arrow hits you. The ball python bites you.
The ball python closely misses you.
You completely miss the centaur. Your punch misses the centaur.
The centaur unwields a +0 shortbow.
The centaur hits you. The centaur misses you.
The ball python closely misses you. The ball python grabs you.
The ball python constricts you.
You barely miss the centaur. The centaur hits you. The centaur kicks you.
* * * LOW HITPOINT WARNING * * *
The ball python bites you.
* * * LOW HITPOINT WARNING * * *
The ball python constricts you. The centaur hits you.
* * * LOW HITPOINT WARNING * * *
The centaur kicks you but does no damage.
You punch the centaur! Your bite misses the centaur.
The centaur is moderately wounded.
The centaur hits you.
* * * LOW HITPOINT WARNING * * *
The centaur kicks you.
* * * LOW HITPOINT WARNING * * *
The ball python bites you.
* * * LOW HITPOINT WARNING * * *
The ball python constricts you.
You die...

#### ### ... ..
...... .. .. ...
##.... ..#.# #..#
#..... ...#.....
#.#... ..?#..[..
......###.....#...
#......(..c.......
#)(.S@# .#..
#..>..###c.##.#
...#..)..#........
(........†.........
∆#.....###)......#.#
####.. #...#.......
.....#........#
.####.....)...#### .
#........<.......


You could see a centaur and a ball python.

Vanquished Creatures
  Crazy Yiuf (D:3)
  An orc priest (D:4)
  Jessica (D:2)
  Robin (D:2)
  An adder (D:3)
  2 ufetubi (D:4)
  A worm (D:2)
  4 orcs
  6 ball pythons
  3 endoplasms
  2 giant cockroaches
  12 goblins
  9 hobgoblins
  4 jackals (D:3)
  A kobold (D:1)
  2 quokkas
  3 bats
  5 frilled lizards
  3 rats
62 creatures vanquished.

Notes
Turn   | Place    | Note
-------+----------+-------------------------------------------
     0 | D:1      | Superazbuka the Gnoll Transmuter began the quest for the
                  | Orb.
     0 | D:1      | Reached XP level 1. HP: 17/17 MP: 6/6
   202 | D:1      | Found Rabul's Armour Shoppe.
   223 | D:1      | Reached XP level 2. HP: 20/23 MP: 5/7
   945 | D:2      | Noticed Robin
   955 | D:2      | Reached XP level 3. HP: 19/28 MP: 9/9
   961 | D:2      | Reached skill level 5 in Spellcasting
   974 | D:2      | Killed Robin
   975 | D:2      | Reached skill level 1 in Invocations
   989 | D:2      | Learned a level 2 spell: Wereblood
   993 | D:2      | Learned a level 3 spell: Spider Form
  1433 | D:2      | Noticed Jessica
  1441 | D:2      | Killed Jessica
  1442 | D:2      | Reached skill level 1 in Short Blades
  1442 | D:2      | Reached skill level 1 in Long Blades
  1442 | D:2      | Reached skill level 1 in Axes
  1442 | D:2      | Reached skill level 1 in Maces & Flails
  1442 | D:2      | Reached skill level 1 in Polearms
  1442 | D:2      | Reached skill level 1 in Staves
  1442 | D:2      | Reached skill level 1 in Slings
  1442 | D:2      | Reached skill level 1 in Bows
  1442 | D:2      | Reached skill level 1 in Crossbows
  1442 | D:2      | Reached skill level 1 in Throwing
  1442 | D:2      | Reached skill level 1 in Armour
  1442 | D:2      | Reached skill level 1 in Stealth
  1442 | D:2      | Reached skill level 1 in Shields
  1442 | D:2      | Reached skill level 1 in Evocations
  1442 | D:2      | Reached XP level 4. HP: 30/34 MP: 9/11
  1889 | D:3      | Found an opulent altar of Gozag.
  1889 | D:3      | Found an iron altar of Okawaru.
  1895 | D:3      | Reached skill level 1 in Conjurations
  1895 | D:3      | Reached skill level 1 in Hexes
  1895 | D:3      | Reached skill level 1 in Summonings
  1895 | D:3      | Reached skill level 1 in Necromancy
  1895 | D:3      | Reached skill level 1 in Translocations
  1895 | D:3      | Reached skill level 1 in Fire Magic
  1895 | D:3      | Reached skill level 1 in Ice Magic
  1895 | D:3      | Reached skill level 1 in Air Magic
  1895 | D:3      | Reached skill level 1 in Earth Magic
  1895 | D:3      | Reached skill level 1 in Poison Magic
  1964 | D:3      | Found a hide-covered altar of Uskayaw.
  2591 | D:3      | Found a runed translucent door.
  2592 | D:3      | Noticed Crazy Yiuf
  2599 | D:3      | Killed Crazy Yiuf
  2600 | D:3      | Reached XP level 5. HP: 40/40 MP: 10/12
  2663 | D:4      | Found a staircase to the Ecumenical Temple.
  2690 | D:4      | Noticed a centaur
  2702 | D:4      | HP: 2/41 [centaur (3)]
  2702 | D:4      | Constricted to death by a ball python

Illustrated notes

Levels and vault maps discovered:
D:1:      lightli_arrival_farm, layout_loops_ring, serial_shops,
          nicolae_shop_behind_doors, serial_bayou_pond_d, minmay_tetromino_o2
D:2:      layout_loops_cross, uniq_robin, uniq_jessica
D:3:      layout_loops_ring, lemuel_tele_altar,
          chequers_temple_overflow_statue_of_worship, dk_vineyard_1,
          uniq_crazy_yiuf_cottage
D:4:      layout_basic, lemuel_crystal_altar, mainiacjoe_overflow_catwalk,
          minmay_temple_entry_tees, serial_shops, kennysheep_mini_moat,
          uniq_grinder

Skill      XL: |  1  2  3  4  5 |
---------------+----------------+-----
Spellcasting   | 5 |  5.2
Invocations    | 1 |  1.8
Short Blades   | 1 |  1.6
Long Blades    | 1 |  1.6
Axes           | 1 |  1.6
Maces & Flails | 1 |  1.6
Polearms       | 1 |  1.6
Staves         | 1 |  1.6
Slings         | 1 |  1.6
Bows           | 1 |  1.6
Crossbows      | 1 |  1.6
Throwing       | 1 |  1.6
Armour         | 1 |  1.6
Stealth        | 1 |  1.6
Shields        | 1 |  1.6
Evocations     | 1 |  1.6
Conjurations   | 1 |  1.2
Hexes          | 1 |  1.2
Summonings     | 1 |  1.2
Necromancy     | 1 |  1.2
Translocations | 1 |  1.2
Fire Magic     | 1 |  1.2
Ice Magic      | 1 |  1.2
Air Magic      | 1 |  1.2
Earth Magic    | 1 |  1.2
Poison Magic   | 1 |  1.2
Fighting       | 3 |  3.0
Transmutations | 4 |  4.0
Dodging        | |  4.8
Unarmed Combat | |  6.7

Action                   |  1- 3 |  4- 6 || total
-------------------------+-------+-------++-------
Melee: Unarmed           |    74 |    46 ||   120
       Kick              |    10 |     9 ||    19
       Headbutt          |    10 |     4 ||    14
       Punch             |     5 |     2 ||     7
       Bite              |     4 |     1 ||     5
 Cast: Beastly Appendage |    20 |    19 ||    39
       Wereblood         |     2 |     1 ||     3
 Stab: Sleeping          |     3 |     1 ||     4
Armor: Robe              |     9 |     7 ||    16
Dodge: Dodged            |    38 |    36 ||    74
